 Dungeon Crawl Stone Soup version 0.24.0-125-gc4c63601f3 (webtiles) character file.

Game seed: 6621207984540274019, levelgen mode: deterministic

2244 Lemonice the Covert (level 9, -1/51 HPs)
             Began as an Octopode Earth Elementalist on Feb 23, 2020.
             Was a Follower of Sif Muna.
             Slain by an orc warrior
             ... wielding a +4 mace of protection
              (17 damage)
             ... on level 7 of the Dungeon.
             The game lasted 00:28:51 (10451 turns).

Lemonice the Covert (Octopode Earth Elementalist)  Turns: 10451, Time: 00:28:51

Health: -1/51      AC:  2    Str:  7    XL:     9   Next: 37%
Magic:  0/18       EV: 13    Int: 20    God:    Sif Muna [*.....]
Gold:   429        SH:  0    Dex: 13    Spells: 6/19 levels left

rFire    . . .     SeeInvis .   y - +3 sling "Punk" {acid, rCorr}
rCold    . . .     Gourm    .   (no shield)
rNeg     + + .     Faith    .   (helmet restricted)
rPois    .         Spirit   +   C - amulet "Xoset" {Spirit rN+}
rElec    .         Reflect  .   l - ring of positive energy
rCorr    +         Harm     .   t - ring of wizardry
MR       .....                  (no ring)
Stlth    +++++.....             (no ring)
HPRegen  0.17/turn              (no ring)
MPRegen  0.16/turn              (no ring)
                                (no ring)
                                (no ring)

@: very slightly contaminated
A: almost no armour, stealthy swim, amphibious, 8 rings, constrict 8, camouflage
1, blink, high mp 1, shaggy fur 1, gelatinous body 1
a: Blink, Channel Magic, Renounce Religion


You were on level 7 of the Dungeon.
You worshipped Sif Muna.
Sif Muna was aware of your devotion.
You were not hungry.

You visited 1 branch of the dungeon, and saw 7 of its levels.

You collected 429 gold pieces.

Inventory:

Hand Weapons
 g - a +0 dagger
 y - the +3 sling "Punk" (weapon) {acid, rCorr}
   (You took it off an orc on level 5 of the Dungeon)

   It provides partial protection from all sources of acid and corrosion.
 A - a +6 club
Missiles
 d - 74 stones
 B - 82 sling bullets (quivered)
Armour
 j - a +1 buckler
Jewellery
 l - a ring of positive energy (left tentacle)
 t - a ring of wizardry (right tentacle)
 C - the amulet "Xoset" (around mantle) {Spirit rN+}
   (You found it on level 5 of the Dungeon)

   [amulet of guardian spirit]

   It causes incoming damage to be split between your health and magic.
   It protects you from negative energy.
Wands
 n - a wand of flame (11)
 p - a wand of polymorph (12)
 q - a wand of clouds (11)
 D - a wand of iceblast (7)
Scrolls
 b - a scroll of teleportation
 f - a scroll of remove curse
 h - 2 scrolls of blinking
 k - 3 scrolls of enchant weapon {unknown}
 o - a scroll of enchant armour
 u - a scroll of magic mapping {unknown}
 w - a scroll of noise {unknown}
 x - a scroll of fog {unknown}
 z - 2 scrolls of identify
Potions
 a - a potion of agility
 e - 2 potions of mutation
 i - a potion of invisibility
 m - 2 potions of lignification
 r - a potion of might
 v - a potion of flight {unknown}
 E - a potion of haste {unknown}
 F - a potion of degeneration {unknown}
 G - a potion of curing
Comestibles
 c - 9 rations


   Skills:
 - Level 5.4 Slings
 - Level 2.0 Dodging
 - Level 8.5 Stealth
 - Level 5.5 Spellcasting
 - Level 1.0 Transmutations
 + Level 7.9 Earth Magic


You had 6 spell levels left.
You knew the following spells:

 Your Spells              Type           Power        Failure   Level  Hunger
a - Sandblast             Erth           #####.       1%          1    None
b - Stone Arrow           Conj/Erth      ###...       2%          3    ##.....
c - Petrify               Tmut/Erth      ###.....     7%          4    ####...
d - Lee's Rapid Deconstr  Erth           #####.....   4%          5    #####..

Your spell library contained the following spells:

 Spells                   Type           Power        Failure   Level  Hunger
 Passwall                 Tmut/Erth      ###.....     1%          2    None


Dungeon Overview and Level Annotations

Branches:
Dungeon (7/15)
 Temple: D:4-7

Altars:
Fedhas
Nemelex Xobeh
Sif Muna
Trog
Uskayaw
Vehumet

Shops:
D:6 [

Annotations:
D:7 Harold


Innate Abilities, Weirdness & Mutations

You cannot wear most types of armour.
You are very stealthy in the water. (Stealth+)
You are amphibious.
You can wear up to eight rings at the same time.
You can use your tentacles to constrict eight enemies at once.
Your skin changes colour to match your surroundings (Stealth+).
Your rubbery body absorbs attacks. (AC +1, EV +1)
You can translocate small distances at will.
You have an increased reservoir of magic. (+10% MP)
You are covered in fur. (AC +1)


Message History

The hippogriff stops moving altogether!
Casting: Petrify (safe; 7% risk of failure)
Confirm with . or Enter, or press ? or * to list all spells.
Aiming: Petrify (safe; 7% risk of failure)
Press: ? - help, Shift-Dir - straight line, f - orc warrior, p - hippogriff
Aim: an orc warrior, wielding a +4 mace of protection and wearing a +0 chain mail (chance to defeat MR: 52%)
The orc warrior resists with significant effort.
The orc warrior hits you with a +4 mace of protection!!
* * * LOW HITPOINT WARNING * * *
Casting: Petrify (safe; 7% risk of failure)
Confirm with . or Enter, or press ? or * to list all spells.
You don't have enough magic to cast that spell.
Unknown command.
Casting: Petrify (safe; 7% risk of failure)
Confirm with . or Enter, or press ? or * to list all spells.
You don't know that spell.
Unknown command.
There is a stone staircase leading up, spattered with blood here.
The orc warrior hits you with a +4 mace of protection!!
You die...

## #####...# # #.
.......##### #.
########........ ###.
##..รท..........).
#...##.)###.....######
#.##.[.#........####..
#....[##.##..........#
#.##...#.##.......##
## #.@oo.##.H.....#
#.....oH.#####.##
#.......#...## #..###
#.......##...# ##.oH#
#.......###..# ###..
######### #..### ##o
#....## #. #.##.># ##
#.###.# #(


You could see a hippogriff, an orc warrior and 2 orcs.

Vanquished Creatures
  Joseph (D:7)
  A hippogriff (D:7)
  Edmund (D:4)
  A sky beast (D:7)
  A black bear (D:6)
  2 ogres
  2 centaurs (D:6)
  2 bullfrogs
  A scorpion (D:4)
  A water moccasin skeleton (D:5)
  A bullfrog zombie (D:5)
  A howler monkey (D:5)
  A crimson imp (D:4)
  A quasit (D:6)
  2 hounds
  3 orc priests
  A jelly (D:6)
  3 iguanas
  Ijyb (D:5)
  8 orc wizards
  A worker ant zombie (D:5)
  4 gnolls
  6 adders
  A howler monkey skeleton (D:6)
  2 oozes
  An adder zombie (D:7)
  5 worms
  A dart slug (D:1)
  A leopard gecko (D:2)
  25 orcs
  9 giant cockroaches
  9 goblins
  4 hobgoblins
  9 jackals
  A quokka (D:5)
  6 bats
  6 frilled lizards
  5 kobolds
  9 rats
140 creatures vanquished.

Notes
Turn   | Place    | Note
-------+----------+-------------------------------------------
     0 | D:1      | Lemonice the Octopode Earth Elementalist began the quest
                  | for the Orb.
     0 | D:1      | Reached XP level 1. HP: 11/11 MP: 3/3
    51 | D:1      | Reached skill level 3 in Stealth
   299 | D:1      | Reached XP level 2. HP: 17/17 MP: 5/5
   316 | D:1      | Found a sparkling altar of Nemelex Xobeh.
   936 | D:2      | Reached XP level 3. HP: 14/21 MP: 6/6
  1339 | D:2      | Reached skill level 4 in Stealth
  1495 | D:2      | Reached XP level 4. HP: 27/27 MP: 4/8
  1630 | D:2      | Gained mutation: You can translocate small distances at
                  | will. [potion of mutation]
  1630 | D:2      | Gained mutation: You are covered in fur. (AC +1) [potion of
                  | mutation]
  1630 | D:2      | Gained mutation: You have an increased reservoir of magic.
                  | (+10% MP) [potion of mutation]
  1694 | D:2      | Found a blossoming altar of Fedhas.
  2081 | D:2      | Learned a level 3 spell: Stone Arrow
  2338 | D:3      | Reached XP level 5. HP: 30/31 MP: 0/10
  2473 | D:3      | Found a shimmering blue altar of Sif Muna.
  2521 | D:3      | Became a worshipper of Sif Muna the Loreminder
  2670 | D:3      | Reached skill level 5 in Stealth
  3300 | D:4      | Reached XP level 6. HP: 22/36 MP: 8/12
  3679 | D:4      | Reached skill level 6 in Stealth
  3911 | D:4      | Learned a level 4 spell: Petrify
  3917 | D:4      | Learned a level 5 spell: Lee's Rapid Deconstruction
  3942 | D:4      | Noticed Edmund
  4687 | D:4      | Noticed a moth of wrath
  4689 | D:4      | Found a bloodstained altar of Trog.
  4857 | D:4      | Killed Edmund
  4857 | D:4      | Reached skill level 5 in Earth Magic
  4857 | D:4      | Reached XP level 7. HP: 41/41 MP: 6/14
  4941 | D:5      | Entered Level 5 of the Dungeon
  5235 | D:5      | Reached skill level 7 in Stealth
  5260 | D:5      | Noticed Ijyb
  5266 | D:5      | Killed Ijyb
  5595 | D:5      | Got a scintillating lead amulet
  5596 | D:5      | Identified the amulet "Xoset" {Spirit rN+} (You found it on
                  | level 5 of the Dungeon)
  7057 | D:6      | Reached skill level 5 in Spellcasting
  7057 | D:6      | Reached XP level 8. HP: 31/46 MP: 12/17
  7091 | D:6      | Found Poehis's Armour Boutique.
  7564 | D:7      | Noticed a hippogriff
  7582 | D:7      | Noticed Harold
  7882 | D:6      | Reached skill level 8 in Stealth
  8618 | D:6      | Reached * piety under Sif Muna
  9092 | D:6      | Reached skill level 1 in Slings
  9388 | D:7      | Noticed Joseph
  9585 | D:7      | Noticed a hippogriff
  9605 | D:7      | Found a radiant altar of Vehumet.
  9699 | D:7      | Killed Joseph
  9699 | D:7      | Reached skill level 5 in Slings
  9699 | D:7      | Reached XP level 9. HP: 17/51 MP: 2/18
  9921 | D:7      | Found a hide-covered altar of Uskayaw.
 10451 | D:7      | Slain by an orc warrior

Levels and vault maps discovered:
D:1:      roderic_crop_circles_arrival_small, layout_rooms,
          nemelex_xobeh_ov_fountains_minmay
D:2:      layout_rooms, old_standard_altar
D:3:      layout_loops_ring, nicolae_overflow_crystal_walls
D:4:      layout_loops_ring, tgw_trog, uniq_edmund
D:5:      layout_layer_cave, first_ration, uniq_ijyb
D:6:      wad_lake_hut, layout_loops_ring, serial_shops, shop,
          minmay_misc_feat_more_columns
D:7:      layout_rooms, chequers_temple_overflow_statue_of_worship,
          minmay_temple_entry_proselytizer, uniq_joseph, uniq_harold

Skill      XL: |  1  2  3  4  5  6  7  8 |
---------------+-------------------------+-----
Stealth        | 3 4 5 6 7 8 |  8.5
Spellcasting   | 3 4 5 |  5.5
Earth Magic    | 4 5 7 |  7.9
Slings         | 5 |  5.4
Dodging        | |  2.0
Transmutations | |  1.0

Action                   |  1- 3 |  4- 6 |  7- 9 || total
-------------------------+-------+-------+-------++-------
Melee: Unarmed           |    23 |       |       ||    23
       Constrict         |    13 |    17 |    13 ||    43
       Tentacles         |     9 |    12 |    15 ||    36
       Dagger            |    34 |    88 |     8 ||   130
       Club              |       |       |    63 ||    63
 Fire: Fustibalus        |       |       |   113 ||   113
 Cast: Sandblast         |    29 |    19 |    44 ||    92
       Stone Arrow       |       |    15 |       ||    15
       Petrify           |       |     7 |     6 ||    13
       Lee's Rapid Decon |       |     2 |     2 ||     4
 Abil: Blink             |       |       |     3 ||     3
  Use: Scroll            |       |     8 |     3 ||    11
       Potion            |       |     1 |     3 ||     4
 Stab: Sleeping          |    14 |     6 |     2 ||    22
       Petrified         |       |     8 |     7 ||    15
  Eat: Chunk             |     2 |    13 |     7 ||    22
       Ration            |       |     1 |     4 ||     5
Armor: Skin              |     7 |    10 |    25 ||    42
Dodge: Dodged            |    43 |    53 |   123 ||   219
